 Dungeon Crawl Stone Soup version 0.21.1-1-g345015f (webtiles) character file.

58 pk666 the Magician (level 3, 0/19 HPs)
             Began as a Deep Elf Wizard on Feb 10, 2018.
             Slain by an ogre
             ... wielding a +0 giant club
              (19 damage)
             ... on level 2 of the Dungeon.
             The game lasted 00:07:08 (1596 turns).

pk666 the Magician (Deep Elf Wizard)                Turns: 1596, Time: 00:07:08

Health: 0/19       AC:  2    Str:  4    XL:     3   Next: 75%
Magic:  0/11       EV: 13    Int: 23    God:
Gold:   19         SH:  0    Dex: 13    Spells: 8/12 levels left

rFire    . . .     SeeInvis .   k - +0 dagger
rCold    . . .     Gourm    .   (no shield)
rNeg     . . .     Faith    .   a - +0 robe
rPois    .         Spirit   .   b - +0 hat
rElec    .         Reflect  .   (no cloak)
rCorr    .         Harm     .   (no gloves)
MR       .....                  (no boots)
Stlth    ++........             g - amulet of inaccuracy (curse)
HPRegen  0.06/turn              (no ring)
MPRegen  0.12/turn              (no ring)

@: no status effects
A: no striking features
a: no special abilities


You were on level 2 of the Dungeon.
You were hungry.

You visited 1 branch of the dungeon, and saw 2 of its levels.

You collected 19 gold pieces.

Inventory:

Hand Weapons
 k - a +0 dagger (weapon)
Missiles
 l - 29 stones (quivered)
Armour
 a - a +0 robe (worn)
 b - a +0 hat (worn)
Jewellery
 g - a cursed amulet of inaccuracy (around neck)
Scrolls
 n - a scroll of noise {unknown}
 o - a scroll of blinking {unknown}
Potions
 e - a potion of brilliance {unknown}
 f - 2 potions of flight {unknown}
 h - 2 potions of curing {unknown}
 i - a potion of might {unknown}
 j - 3 potions of heal wounds {unknown}
Books
 c - a book of Minor Magic

   Spells                             Type                      Level
   a - Magic Dart                     Conjuration                  1
   b - Blink                          Translocation                2
   c - Call Imp                       Summoning                    2
   d - Slow                           Hexes                        2
   e - Conjure Flame                  Conjuration/Fire             3
   f - Mephitic Cloud                 Conjuration/Poison/Air       3
Comestibles
 d - 2 rations


   Skills:
 + Level 3.1 Dodging
 - Level 2.4 Stealth
 * Level 5.3 Spellcasting
 * Level 2.6 Conjurations
   Level 1.1 Summonings
   Level 1.1 Translocations
 + Level 0.0 Air Magic
 + Level 0.1 Poison Magic


You had 8 spell levels left.
You knew the following spells:

 Your Spells              Type           Power        Failure   Level  Hunger
a - Magic Dart            Conj           ###.         3%          1    None
z - Mephitic Cloud        Conj/Pois/Air  ##......     19%         3    ##.....


Dungeon Overview and Level Annotations

Branches:
Dungeon (2/15)

Altars:


Message History

Aim: an ogre, wielding a giant club (moderately wounded)
Okay, then.
Casting: Magic Dart
Confirm with . or Enter, or press ? or * to list all spells.
Aiming: Mephitic Cloud
Press: ? - help, Shift-Dir - straight line, f/p - ogre
Aim: an ogre, wielding a giant club (moderately wounded)
The ball explodes into a vile cloud!
The stinking cloud engulfs the ogre.
The ogre is moderately wounded.
The ogre is engulfed in noxious fumes.
You completely miss the ogre.
The ogre is heavily wounded.
The ogre misses you.
You barely miss the ogre.
The ogre is heavily wounded.
You barely miss the ogre.
The ogre is heavily wounded.
The ogre hits you with a giant club!!
Ouch! That really hurt!
You die...

##.#######....####
#.#...............
#.#.#####.........
#.#.# ####.######
#.#.# ###........
#.#.# #........#
#.#.# #........#
#.#.# #........#
#.#.# #....@...#
#.#.# #...§O§..#
#.#.# ###.#§####
#.#.######.#.#
#.#........#.#
#.##########.# #.#
#.# #### #.#
............... .
.... #.#
#####.#.##.####
...####


You could see an ogre.

Vanquished Creatures
  An adder (D:2)
  An ooze (D:1)
  A dart slug (D:2)
  A leopard gecko (D:1)
  4 bats
  3 giant cockroaches
  7 goblins
  4 hobgoblins (D:1)
  3 jackals (D:1)
  A quokka (D:2)
  3 frilled lizards (D:1)
  3 kobolds
  7 rats
39 creatures vanquished.

Notes
Turn   | Place    | Note
-------+----------+-------------------------------------------
     0 | D:1      | pk666 the Deep Elf Wizard began the quest for the Orb.
     0 | D:1      | Reached XP level 1. HP: 10/10 MP: 7/7
   180 | D:1      | Reached XP level 2. HP: 14/15 MP: 3/9
   437 | D:1      | Reached skill level 5 in Spellcasting
   766 | D:1      | Reached XP level 3. HP: 19/19 MP: 9/11
  1204 | D:2      | Learned a level 3 spell: Mephitic Cloud
  1456 | D:2      | Noticed an ogre
  1596 | D:2      | Slain by an ogre

Skill      XL: |  1  2  3 |
---------------+----------+-----
Conjurations   | 2 |  2.6
Spellcasting   | 5 |  5.3
Dodging        | 3 |  3.1
Stealth        | |  2.4
Summonings     | |  1.1
Translocations | |  1.1
Poison Magic   | |  0.1

Action                   || total
-------------------------++-------
Melee: Unarmed           ||    14
       Dagger            ||     3
 Cast: Magic Dart        ||    92
       Mephitic Cloud    ||     2
  Eat: Chunk             ||     1
Armor: Robe              ||     2
Dodge: Dodged            ||    33
